 Dungeon Crawl Stone Soup version 0.29.1-1-gd02db6906a (webtiles) character file.

Game seed: 16177052786871634155

5 wingedge the Magician (level 1, -8/15 HPs)
             Began as a Mummy Wanderer on Sept 22, 2022.
             Mangled by a goblin
             ... wielding a +2 dagger of electrocution
              (17 damage)
             ... on level 1 of the Dungeon.
             The game lasted 00:01:49 (202 turns).

wingedge the Magician (Mummy Wanderer)               Turns: 202, Time: 00:01:50

Health: -8/15      AC:  5    Str: 14    XL:     1   Next: 66%
Magic:  4/5        EV: 10    Int: 12    God:
Gold:   0          SH:  0    Dex: 11    Spells: 7/8 levels left

rFire   x . .      SeeInvis .   a - +2 short sword
rCold   + . .      Faith    .   (no shield)
rNeg    + + +      Spirit   .   b - +0 ring mail
rPois   ∞          Reflect  .   (no helmet)
rElec   .          Harm     .   (no cloak)
rCorr   .          Rampage  .   (no gloves)
Will    .....                   (no boots)
Stlth   +.........              (no amulet)
HPRegen 0.05/turn               (no ring)
MPRegen 0.09/turn               (no ring)

@: very slightly contaminated
A: cold resistance 1, negative energy resistance 3, torment resistance 2, heat
vulnerability 1, no potions
a: no special abilities


You were on level 1 of the Dungeon.
You visited 1 branch of the dungeon, and saw 1 of its levels.

Inventory:

Hand Weapons
 a - a +2 short sword (weapon)
Armour
 b - a +0 ring mail (worn)
Scrolls
 c - a scroll of blinking


   Skills:
 + Level 1.3 Fighting
 - Level 1.5 Short Blades
 - Level 1.0 Throwing
 - Level 3.2 Armour
 - Level 4.0 Spellcasting


You had 7 spell levels left.
You knew the following spells:

 Your Spells              Type           Power      Damage    Failure   Level
a - Slow                  Hex            8%         N/A       41%         1

Your spell library contained the following spells:

 Spells                   Type           Power      Damage    Failure   Level
 Tukima's Dance           Hex            2%         N/A       78%         3


Dungeon Overview and Level Annotations

Branches:
Dungeon (1/15)

Altars:


Innate Abilities, Weirdness & Mutations

You are immune to poison.
Your flesh is cold resistant. (rC+)
You are immune to negative energy. (rN+++)
You are immune to unholy pain and torment.
You are vulnerable to heat. (rF-)
You do not drink.


Message History

Confirm with . or Enter, or press ? or * to list all spells.
Aiming: Slow (safe; 41% risk of failure)
Press: ? - help, Shift-Dir - straight line, f - jackal
Aim: a jackal (chance to affect: 53%)
You miscast Slow.
You are very lightly contaminated with residual magic.
Nothing appears to happen.
Casting: Slow (safe; 41% risk of failure)
Confirm with . or Enter, or press ? or * to list all spells.
Aiming: Slow (safe; 41% risk of failure)
Press: ? - help, Shift-Dir - straight line, f/p - jackal
Aim: a jackal (chance to affect: 53%)
You miscast Slow.
Nothing appears to happen.
You miss the jackal.
The jackal bites you but does no damage.
The jackal barely misses you.
You hit the jackal.
The jackal is severely wounded.
The jackal bites you.
You hit the jackal.
The jackal is almost dead.
The jackal bites you but does no damage.
The jackal closely misses you.
You barely miss the jackal.
The jackal is almost dead.
The jackal bites you but does no damage.
You closely miss the jackal.
The jackal is almost dead.
The jackal barely misses you. The jackal bites you.
You puncture the jackal!
You kill the jackal!
You hit the goblin.
The goblin is severely wounded.
The goblin hits you but does no damage.
You closely miss the goblin.
The goblin is severely wounded.
The goblin hits you with a +2 dagger of electrocution.
You are electrocuted!
Ouch! That really hurt!
You die...

........!........#
........###...##.#
⌠.......# #...##.#
........# #...##.#
........# #...##.#
........# #....#.#
.#####..# #>...#.#
##...#..# #....#.#
...8.#..# #....#@#
.....#..# #g#
...###..# #.#
...#....# #.#
...#....# #.#
...#....# #.#
...#....# #†#
...#....# #'#
.###....# ...


You could see a goblin.

Vanquished Creatures
  A ball python (D:1)
  3 jackals (D:1)
4 creatures vanquished.

Notes
Turn   | Place    | Note
-------+----------+-------------------------------------------
     0 | D:1      | wingedge the Mummy Wanderer began the quest for the Orb.
     0 | D:1      | wingedge set off with the following items: a +2 short
                  | sword, a +0 ring mail, a scroll of blinking; and the
                  | following spell memorised: Slow; and the following spells
                  | available to memorise: Tukima's Dance.
     0 | D:1      | Reached XP level 1. HP: 13/13 MP: 5/5
   188 | D:1      | Reached skill level 1 in Fighting
   202 | D:1      | Mangled by a goblin

Illustrated notes

Levels and vault maps discovered:
D:1:      wander_arrival_estate, layout_basic,
          hellmonk_ecumenical_altar_leap_of_faith

Skill      XL: |  1 |
---------------+----+-----
Fighting       | 1 |  1.3
Short Blades   | |  1.5
Throwing       | |  1.0
Armour         | |  3.2
Spellcasting   | |  4.0

Action                   || total
-------------------------++-------
Melee: Short sword       ||    20
 Cast: Slow              ||     2
Armor: Ring mail         ||     9
Dodge: Dodged            ||     8
